 Dungeon Crawl Stone Soup version 0.26-a0-850-g97a50ab700 (webtiles) character file.

Game seed: 391236635908993523

27 runemasterragnar the Shield-Bearer (level 3, -4/26 HPs)
             Began as an Octopode Fighter on Nov 21, 2020.
             Slain by Terence
             ... wielding a +0 falchion
              (5 damage)
             ... on level 2 of the Dungeon.
             The game lasted 00:00:59 (1142 turns).

runemasterragnar the Shield-Bearer (OpFi)           Turns: 1142, Time: 00:01:00

Health: -4/26      AC:  1    Str: 15    XL:     3   Next: 10%
Magic:  3/3        EV: 11    Int: 11    God:
Gold:   51         SH:  8    Dex: 11    Spells: 2/2 levels left

rFire    . . .     SeeInvis .   a - +0 long sword
rCold    + . .     Faith    .   b - +0 kite shield
rNeg     . . .     Spirit   .   (helmet restricted)
rPois    .         Reflect  .   (no amulet)
rElec    .         Harm     .   f - ring of protection from cold
rCorr    .         Rampage  .   (no ring)
MR       .....                  (no ring)
Stlth    ++........             (no ring)
HPRegen  0.08/turn              (no ring)
MPRegen  0.08/turn              (no ring)
                                (no ring)
                                (no ring)

@: no status effects
A: almost no armour, stealthy swim, amphibious, 8 rings, constrict 8, camouflage
1, gelatinous body 1
a: no special abilities


You were on level 2 of the Dungeon.
You visited 1 branch of the dungeon, and saw 2 of its levels.

You collected 51 gold pieces.

Inventory:

Hand Weapons
 a - a +0 long sword (weapon)
Missiles
 h - 11 poisoned darts (quivered)
Armour
 b - a +0 kite shield (worn)
Jewellery
 f - a ring of protection from cold (left tentacle)
Scrolls
 d - 3 scrolls of identify {unknown}
 g - a scroll of teleportation {unknown}
Potions
 c - a potion of might


   Skills:
 + Level 3.1 Fighting
 * Level 2.4 Long Blades
 + Level 3.1 Dodging
 + Level 1.1 Stealth
 + Level 3.1 Shields
 + Level 1.0 Unarmed Combat


You had 2 spell levels left.
You didn't know any spells.
Your spell library was empty.

Dungeon Overview and Level Annotations

Branches:
Dungeon (2/15)

Altars:

Annotations:
D:2 Terence


Innate Abilities, Weirdness & Mutations

You cannot wear most types of armour.
You are very stealthy in the water. (Stealth+)
You are amphibious.
You can wear up to eight rings at the same time.
You can use your tentacles to constrict eight enemies at once.
Your skin changes colour to match your surroundings (Stealth+).
Your rubbery body absorbs attacks. (AC +1, EV +1)


Message History

You hit Terence.
Terence is severely wounded.
You constrict Terence, but do no damage.
You block the quokka's attack.
A jackal comes into view.
You block the quokka's attack.
Terence screams, "I'm going to kill you!"
Terence zaps a wand.
The puff of flame hits you!
* * * LOW HITPOINT WARNING * * *
Unknown command.
Unknown command.
The jackal barks!
You hit Terence but do no damage.
Terence is severely wounded.
You constrict Terence.
You hear a bark!
The quokka bites you.
* * * LOW HITPOINT WARNING * * *
Terence hits you with a +0 falchion.
You die...

....... ..(...#
....$.. .......
....... .h.....
....... .......
....... ...BS..
###.......
.......##.........
......@#...!......
....g..@r..##(....
.....#.....# .....
### #$#...##.....
#............ .#
#......#..... .##
#.#....# .... ..
##.#....# ... #.
#..#....# ##
#.###.......#


You could see Terence, a quokka, a jackal, a giant cockroach, a goblin and a
ball python.

Vanquished Creatures
  A worm (D:2)
  A leopard gecko (D:1)
  A ball python (D:1)
  2 giant cockroaches
  3 goblins (D:1)
  A hobgoblin (D:2)
  3 bats (D:1)
  4 frilled lizards
  5 kobolds
  2 rats
23 creatures vanquished.

Notes
Turn   | Place    | Note
-------+----------+-------------------------------------------
     0 | D:1      | runemasterragnar the Octopode Fighter began the quest for
                  | the Orb.
     0 | D:1      | Reached XP level 1. HP: 16/16 MP: 1/1
   116 | D:1      | Reached XP level 2. HP: 21/21 MP: 2/2
   711 | D:2      | Noticed Terence
   716 | D:2      | HP: 1/21 [worm (9)]
   720 | D:2      | Reached skill level 1 in Stealth
   720 | D:2      | Reached XP level 3. HP: 2/26 MP: 3/3
  1134 | D:2      | Reached skill level 1 in Unarmed Combat
  1142 | D:2      | HP: 1/26 [quokka (3)]
  1142 | D:2      | Slain by Terence

Illustrated notes

Levels and vault maps discovered:
D:1:      dpeg_arrival_arbitrary_c, layout_rooms
D:2:      layout_rooms, uniq_terence

Skill      XL: |  1  2  3 |
---------------+----------+-----
Stealth        | 1 |  1.1
Unarmed Combat | 1 |  1.0
Fighting       | |  3.1
Long Blades    | |  2.4
Dodging        | |  3.1
Shields        | |  3.1

Action                   || total
-------------------------++-------
Melee: Long sword        ||    40
       Constrict         ||    13
       Tentacles         ||     9
  Use: Potion            ||     1
 Stab: Sleeping          ||     3
Dodge: Dodged            ||    10
Block: Kite shield       ||    21
       Rpst.: Long sword ||     5

Table legend: (Time is in decaauts)
 A = Elapsed time spent in this place.
 B = Non-inter-level travel time spent in this place.
 C = Inter-level travel time spent in this place.
 D = Time resting spent in this place.
 E = Time spent auto-exploring this place.
 F = Levels seen in this place.
 G = Mean time per level.
                   A        B        C        D        E       F      G
               +--------+--------+--------+--------+--------+-----+--------+
         Total |   1157 |   1129 |     28 |    367 |    587 |   2 |  578.5 |
       Dungeon |   1157 |   1129 |     28 |    367 |    587 |   2 |  578.5 |
               +--------+--------+--------+--------+--------+-----+--------+

Top non-repeatable levels by time:
     D:1: 838 daAuts
     D:2: 318 daAuts
